Map: Magannatha LE

Players

ManlyManMeat - Winner!

  • Race: Zerg Zerg
  • League: Diamond
  • Spawn Location: 11:00

Gladiator

  • Race: Zerg Zerg
  • League: Diamond
  • Spawn Location: 5:00

VOD

Have the link to the VOD?

Description

Time

  • Played on: July 13, 2025, 3:51 p.m.
  • Length: 11:02
Show
View Real Time Build Order
Export as new Build Order

ManlyManMeat Zerg - Winner!

Build Orders: Hatch First 

Get SALT Encoding   

  12  0:00  Drone  
  13  0:08  Drone  
  13  0:13  Extractor  
  13  0:15  Drone  
  15  0:22  Overlord  
  15  0:41  Drone  
  16  0:47  Hatchery  
  15  0:50  Drone  
  15  0:54  Drone  
  17  0:58  Drone  
  18  1:09  Extractor  
  17  1:14  Spawning Pool  
  17  1:17  Drone  
  17  1:21  Drone  
  18  1:26  Drone  
  19  1:37  Drone  
  20  1:51  Drone  
  21  2:00  Queen  
  21  2:01  Zergling x2, Queen  
  25  2:02  Zergling x2  
  27  2:10  Metabolic Boost  
  27  2:12  Overlord  
  27  2:20  Zergling x2  
  28  2:32  Baneling Nest  
  27  2:48  Drone x3  
  27  2:50  Hatchery  
  29  2:54  Zergling x2  
  30  3:06  Zergling x6  
  30  3:12  Drone x2  
  34  3:34  Zergling x2  
  34  3:36  Overlord x2  
  34  3:37  Overlord  
  34  3:41  Baneling x4  
  35  3:49  Roach Warren  
  35  3:52  Baneling  
  34  4:02  Drone x2, Extractor  
  35  4:21  Drone x4  
  35  4:22  Overlord  
  35  4:23  Overlord  
  38  4:26  Baneling  
  38  4:27  Baneling  
  38  4:33  Lair  
  38  4:34  Drone  
  38  4:35  Drone x2  
  38  4:36  Evolution Chamber  
  40  4:45  Queen  
  41  4:49  Zergling x6  
  41  4:50  Zergling x2  
  45  4:56  Roach x2  
  47  5:18  Roach  
  47  5:19  Roach x4  
  52  5:25  Roach x3  
  57  5:35  Roach x3  
  63  5:36  Drone  
  64  5:45  Extractor  
  63  5:55  Glial Reconstitution  
  63  5:59  Drone x4  
  63  6:00  Drone  
  68  6:08  Roach x3  
  68  6:09  Zergling x8  
  78  6:12  Baneling  
  78  6:13  Baneling  
  78  6:15  Drone  
  79  6:20  Extractor  
  79  6:25  Roach x2  
  82  6:35  Overlord x2  
  82  6:43  Overlord  
  82  6:44  Overlord  
  80  6:57  Roach x4  
  83  7:12  Roach x5  
  81  7:21  Roach  
  81  7:22  Roach x2  
  73  7:25  Zerg Missile Weapons Level 1  
  73  7:29  Drone x3  
  76  7:34  Roach  
  76  7:58  Roach x9  
  86  7:59  Ravager  
  86  8:00  Ravager  
  78  8:09  Roach x4  
  86  8:14  Drone x3  
  86  8:16  Ravager  
  86  8:17  Ravager  
  91  8:23  Roach x2  
  95  8:37  Roach x4  
  103  8:46  Roach x3  
  105  9:03  Roach x4  
  113  9:10  Overlord x4  
  107  9:21  Roach x4  
  107  9:22  Roach x3  
  113  9:28  Roach  
  97  9:38  Ravager  
  97  9:39  Ravager  
  97  9:42  Roach  
  93  9:47  Roach x2  
  90  9:54  Roach x5  
  100  10:02  Roach  
  100  10:03  Zergling x6, Roach  
  100  10:04  Zergling x12  
  105  10:27  Roach x8  
  105  10:28  Roach  
Show
View Real Time Build Order
Export as new Build Order

Gladiator Zerg 

Build Orders: Hatch First, Zergling Baneling 

Get SALT Encoding   

  12  0:00  Drone  
  13  0:13  Overlord  
  13  0:17  Drone  
  14  0:31  Drone x2  
  14  0:35  Drone  
  17  0:51  Hatchery  
  17  0:54  Drone  
  17  0:58  Drone  
  18  1:08  Extractor  
  17  1:13  Spawning Pool  
  17  1:16  Drone  
  17  1:19  Drone  
  18  1:28  Drone  
  19  1:39  Overlord  
  19  1:50  Drone  
  20  2:00  Queen  
  23  2:01  Zergling x2  
  23  2:03  Queen  
  23  2:04  Zergling x2  
  26  2:11  Metabolic Boost  
  26  2:30  Hatchery  
  26  2:33  Drone  
  26  2:36  Drone  
  27  2:41  Drone  
  27  2:43  Drone  
  29  2:48  Drone  
  29  2:50  Drone  
  31  2:56  Drone  
  32  3:01  Overlord  
  32  3:08  Extractor  
  32  3:12  Baneling Nest  
  30  3:14  Zergling x2  
  30  3:15  Zergling x2  
  30  3:16  Evolution Chamber  
  30  3:17  Zergling x2  
  32  3:23  Zergling x2  
  33  3:27  Zergling x4  
  34  3:40  Zergling x2  
  34  3:41  Zergling x2  
  36  3:42  Zergling x6  
  36  3:43  Zergling x2  
  36  3:47  Zerg Melee Weapons Level 1  
  40  3:56  Lair  
  40  4:02  Baneling x2  
  40  4:06  Drone x2  
  38  4:25  Zergling x2  
  38  4:26  Zergling x12  
  38  4:27  Baneling  
  38  4:28  Baneling  
  45  4:42  Zergling x2  
  45  4:44  Baneling x2  
  45  4:45  Zergling x2, Baneling x2  
  46  4:46  Zergling x4  
  48  4:54  Overlord  
  45  5:20  Zergling x2  
  45  5:21  Zergling x16  
  44  5:37  Drone x7  
  44  5:39  Drone  
  52  5:46  Roach Warren  
  51  6:00  Extractor  
  51  6:03  Extractor, Zerg Missile Weapons Level 1  
  49  6:11  Overlord  
  49  6:12  Overlord x2  
  49  6:27  Roach x4  
  49  6:29  Glial Reconstitution  
  49  6:31  Roach  
  59  6:34  Roach  
  61  6:42  Roach x2  
  61  6:45  Roach  
  67  6:47  Roach  
  67  6:56  Baneling x3  
  65  7:11  Roach  
  65  7:15  Roach  
  57  7:16  Roach x5  
  57  7:19  Roach  
  65  7:23  Baneling  
  65  7:26  Drone x3  
  68  7:30  Drone x2  
  68  7:36  Drone x3  
  73  7:45  Roach x2  
  66  7:59  Roach  
  66  8:00  Roach x5  
  72  8:10  Ravager  
  72  8:11  Roach x3  
  79  8:19  Extractor  
  78  8:22  Roach x2  
  78  8:25  Overlord  
  82  8:28  Overlord  
  82  8:36  Overlord  
  82  8:43  Queen  
  84  8:59  Roach  
  84  9:00  Roach x9  
  98  9:03  Ravager  
  95  9:18  Roach  
  95  9:19  Roach x3  
  82  9:32  Roach x3  
  82  9:37  Roach  
  72  9:47  Roach x2  
  72  9:50  Roach  
  64  9:56  Roach  
  64  9:57  Zergling x2  
  64  9:58  Zergling x6  
  64  10:08  Roach  
  64  10:09  Roach x2  
  64  10:13  Ravager  
  60  10:25  Roach x3  
  60  10:30  Roach x4  
Tags
 
Add a new tag
Caveats
  • Supply blocks, unpowered buildings, or Contaminate may cause inaccurate times.
  • Supply counts are checked every 10 seconds.